Koishi, chaotic female elven Wizard -------------------------- |>...................^^^.| |.......----------------.| -------.------ |.| |...........| |.| |.`.`.....`.| |.| --------.----| |.| |............| |.| |...[...[....| |.| -----.-------- ------|.| |..........| --|.....|.| |....a`....| |.+.....|.| |.....@...-- |-|.....|.| -------.---- |.+.....+.| |........| |-|.....|-- |........| |.+.....| |...------ --|.....| ----- ------- Koishi the Thaumaturge Experience level: 8 Strength: 17 Dexterity: 14 Constitution: 15 Intelligence: 20 Wisdom: 14 Charisma: 7 Health: 0(24) Energy: 55(72) Def: 11 Gold: 125 Moves: 10461 Dungeon seed: hNfORimSJSw32JFm Game ID: Koishi_1525174811 Your Inventory: Coins $ - 125 gold pieces Weapons a - a blessed +1 quarterstaff (weapon in hands) C - an uncursed +2 dagger (alternate weapon; not wielded) Q - 5 uncursed +0 darts V - a blessed +2 dart Armor e - an uncursed +0 cloak of magic resistance (being worn) n - an uncursed +0 dwarvish mithril-coat (being worn) q - an uncursed +0 dwarvish iron helm (being worn) z - an uncursed +0 pair of iron shoes (being worn) Comestibles c - an uncursed pancake g - an uncursed partly eaten food ration w - an uncursed male lizard corpse O - an uncursed sprig of wolfsbane S - 2 uncursed tripe rations T - 2 uncursed female lizard corpses U - 3 uncursed food rations Z - an uncursed fortune cookie Rings P - an uncursed ring of invisibility W - an uncursed ring of regeneration X - an uncursed ring of teleport control Wands d - an uncursed wand of magic missile (0:8) p - an uncursed wand of digging (0:3) r - an uncursed wand of slow monster (0:4) A - an uncursed wand of light (0:14) F - an uncursed wand of striking (0:5) I - an uncursed wand of fire (0:6) L - an uncursed wand of nothing (0:4) R - an uncursed wand of polymorph (0:4) Tools b - an uncursed bag of holding h - an uncursed blindfold j - an uncursed leash k - an uncursed skeleton key l - an uncursed brass lantern (0:648) u - an uncursed +0 unicorn horn Contents of the bag of holding: 859 gold pieces an uncursed amulet versus poison an uncursed cram ration an uncursed egg 5 uncursed food rations an uncursed scroll of amnesia a blessed scroll of blank paper 6 uncursed scrolls of blank paper a cursed scroll of blank paper 3 uncursed scrolls of earth an uncursed scroll of enchant weapon an uncursed scroll of identify an uncursed scroll of light a blessed scroll of remove curse an uncursed scroll of remove curse an uncursed potion of blindness an uncursed potion of enlightenment a blessed potion of extra healing a blessed potion of hallucination a cursed potion of healing a potion of holy water an uncursed potion of object detection an uncursed potion of speed a cursed ring of hunger a blessed +1 ring of increase accuracy an uncursed +1 ring of increase damage an uncursed ring of see invisible an uncursed ring of stealth an uncursed ring of sustain ability an uncursed bugle an uncursed +0 pick-axe an uncursed +0 unicorn horn an uncursed luckstone Spells and supernatural/magical abilities: Name Level Category Cost Memory a - force bolt 1 attack 5pw 83% j - jumping 1 escape 5pw 95% m - magic missile 2 attack 10pw 85% A - create familiar 3 clerical 78pw 96% I - identify 2 divination 23pw 86% W - pray for help -- divine ? -- Your skills at the end: Fighting Skills wands [Basic] Weapon Skills quarterstaff [Expert] Spellcasting Skills attack spells [Skilled] enchantment spells [Basic] Final Attributes: You were piously aligned. You were immune to sleep. You were magic resistant. You saw invisible. You had infravision. You were lucky. Anhur favoured you. You are dead. Vanquished creatures: a pyrolisk a dwarf king a leather golem a crocodile a giant beetle a quivering blob a cockatrice a lynx a spotted jelly a leprechaun an orc mummy a dwarf mummy a gold golem 3 lizards a dog a dingo a housecat a jaguar a dwarf lord 4 blue jellies 3 white unicorns a gnome mummy a snake 7 apes a human zombie 2 soldier ants 2 fire ants a bugbear a wood nymph 3 mountain nymphs an orc shaman a rock mole 4 ponies 5 fog clouds a yellow light 2 violet fungi 9 gnome lords 3 gnomish wizards a red naga hatchling a gray ooze 2 paper golems 7 giant ants 2 kittens 10 dwarves a homunculus a kobold lord a kobold shaman 3 hill orcs a rothe 4 giant bats an orc zombie 5 dwarf zombies 4 iguanas 2 coyotes a large kobold 2 hobgoblins 3 giant rats a brown mold 2 red molds 27 gnomes 14 garter snakes a gnome zombie 17 jackals a fox a kobold 4 goblins 7 sewer rats 10 grid bugs 5 lichens 5 newts 220 creatures vanquished. Voluntary challenges: You used a wielded weapon 165 times, starting on turn 79. You read items or engraved 29 times, starting on turn 10. You never genocided any monsters. You polymorphed 1 item, starting on turn 9553. You never changed form. You used no wishes. You never split a pudding. You never wrote Elbereth's name. You violated your moral code, losing 37 points of alignment, starting on turn 2750. You abstained from Elbereth's help. Dungeon overview: The Dungeons of Doom: levels 1 to 9 Level 1 a long staircase Level 2 a fountain, a vault Level 3 stairs to The Gnomish Mines Level 4 some fountains Level 5 some altars to Thoth, a fountain, a vault Level 6 some fountains, a sink Level 7 a fountain Level 8 many fountains Level 9 a fountain stairs to Sokoban The Gnomish Mines: levels 4 to 6 Level 4 stairs to The Dungeons of Doom Level 5 Level 6 many shops, a temple to Anhur, some fountains Sokoban: levels 5 to 8 Level 5 <- You were here Unsolved Level 6 Level 7 Level 8 Unsolved stairs to The Dungeons of Doom History has recorded: On T:1 you entered the Dungeons of Doom to retrieve the Amulet of Yendor! On T:327 you reached level 2 of The Dungeons of Doom. On T:539 you reached level 3 of The Dungeons of Doom. On T:758 you reached level 1 of The Gnomish Mines. On T:760 you advanced to experience level 2. On T:791 you advanced to experience level 3. On T:827 you advanced to experience level 4. On T:1110 you advanced to experience level 5. On T:1157 you reached level 2 of The Gnomish Mines. On T:1262 you reached level 3 of The Gnomish Mines. On T:1353 you advanced to experience level 6. On T:4175 you reached level 4 of The Dungeons of Doom. On T:4359 you advanced to experience level 7. On T:4459 you reached level 5 of The Dungeons of Doom. On T:7253 you reached level 6 of The Dungeons of Doom. On T:7508 you reached level 7 of The Dungeons of Doom. On T:7653 you advanced to experience level 8. On T:7935 you reached level 8 of The Dungeons of Doom. On T:8093 you reached level 9 of The Dungeons of Doom. On T:8145 you reached level 4 of Sokoban. On T:8388 you reached level 3 of Sokoban. On T:8946 you reached level 2 of Sokoban. On T:9434 you reached level 1 of Sokoban. Score breakdown: Gold: 984 (10182 points) Experience: 8 levels (14739 points) Exploration: 9 levels ( 18.37%) (12247 points) Discoveries: 18 items ( 6.25%) ( 7500 points) Valuables value: (no points given unless you survive) Artifact value: 0 ( 0 points) Variety of kills: 70 monsters ( 18.42%) (12875 points) Turncount: 10461 turns (-2445 points) Survival: died (score multiplied by 80%) Total score: 44078 Latest messages: You put a unicorn horn into the bag of holding. You see here a mummy wrapping. With great effort you move the boulder. The force bolt hits the giant beetle! The force bolt misses the giant beetle. The giant beetle bites! The force bolt misses the giant beetle. The force bolt hits the giant beetle! The giant beetle bites! You die... Final status: Goodbye Koishi the Wizard, killed by a giant beetle... You died in Sokoban on dungeon level 5 with 44078 points, and 984 pieces of gold, after 10461 moves. You were level 8 with a maximum of 24 hit points when you died.